Map: Lightshade LE

Players

LiquidClem (Clem) - Winner!

  • Race: Terran Terran
  • League: Grandmaster

DnS

  • Race: Protoss Protoss
  • League: Master

Event: DreamHack SC2 Masters 2021 Summer

VOD

Have the link to the VOD?

Description

Time

  • Played on: June 1, 2021, 12:46 p.m.
  • Length: 7:37

All games in this series

Show
View Real Time Build Order
Export as new Build Order

LiquidClem Terran - Winner!

Build Orders: Reaper Expand 

Get SALT Encoding   

  12  0:00  SCV  
  13  0:12  SCV  
  14  0:17  Supply Depot  
  14  0:24  SCV  
  15  0:38  SCV  
  15  0:40  Barracks  
  15  0:42  Refinery  
  16  0:50  SCV  
  17  1:03  SCV  
  18  1:15  SCV  
  19  1:27  Reaper, Orbital Command  
  20  1:40  Command Center  
  20  1:48  Supply Depot  
  20  1:52  SCV  
  21  1:58  Marine  
  22  2:04  SCV  
  23  2:08  Factory  
  23  2:15  Bunker  
  23  2:18  SCV  
  23  2:21  Barracks Reactor  
  24  2:27  Refinery  
  24  2:30  SCV  
  25  2:42  SCV  
  26  2:52  Hellion  
  26  2:53  Orbital Command  
  26  2:54  SCV  
  26  2:55  Starport  
  29  2:58  Marine  
  29  3:00  Marine  
  31  3:06  SCV  
  32  3:16  Marine  
  32  3:18  SCV, Marine  
  35  3:20  SCV, Factory Tech Lab  
  35  3:26  Barracks  
  36  3:31  SCV  
  36  3:33  SCV  
  38  3:35  Marine, Supply Depot  
  38  3:36  Marine  
  38  3:41  Raven  
  42  3:43  SCV  
  42  3:45  SCV, Factory Tech Lab  
  44  3:50  Barracks  
  44  3:55  SCV  
  45  3:57  SCV, Marine  
  45  4:01  Marine  
  48  4:03  Supply Depot  
  48  4:07  SCV  
  49  4:10  SCV  
  49  4:14  Factory Reactor  
  49  4:15  Marine  
  51  4:19  SCV, Marine  
  51  4:21  Engineering Bay  
  51  4:22  SCV, Refinery  
  54  4:26  Stimpack  
  54  4:28  Marine  
  54  4:31  Siege Tank  
  58  4:33  SCV, Marine  
  58  4:35  SCV  
  61  4:42  Marine, Supply Depot  
  61  4:45  SCV  
  63  4:46  Barracks Tech Lab  
  63  4:47  Supply Depot  
  63  4:49  Marauder  
  63  4:50  SCV  
  66  4:55  Terran Infantry Weapons Level 1, Marine  
  66  4:58  Starport Reactor  
  66  5:00  SCV  
  66  5:02  SCV  
  66  5:05  Refinery  
  68  5:08  Combat Shield  
  68  5:10  Marine  
  68  5:12  Marauder  
  71  5:15  Marine  
  71  5:16  Marauder  
  71  5:19  Supply Depot  
  71  5:20  SCV  
  75  5:22  SCV  
  76  5:30  Supply Depot  
  76  5:33  Siege Tank, Marauder  
  76  5:35  Marine x2  
  83  5:39  Marauder  
  85  5:44  Medivac  
  85  5:45  Supply Depot  
  87  5:52  Marine, Medivac  
  87  5:53  Marine, Supply Depot  
  87  5:55  SCV x2  
  93  5:57  Marauder  
  93  6:01  Marauder  
  97  6:08  Concussive Shells  
  97  6:09  Supply Depot  
  97  6:13  Siege Tank  
  97  6:14  Marine x2  
  102  6:20  Missile Turret  
  102  6:21  SCV  
  102  6:22  Marine, Missile Turret  
  102  6:23  Marine  
  102  6:24  Medivac  
  105  6:32  Marine  
  104  6:34  Marine  
  104  6:37  Medivac  
  107  6:40  Marine  
  107  6:43  Command Center  
  107  6:47  Marauder  
  110  6:50  Siege Tank  
  110  6:52  Marine  
  114  6:56  Supply Depot  
  114  6:58  Marine  
  115  7:03  Marauder  
  115  7:04  Medivac  
  119  7:10  Marauder  
  119  7:14  SCV  
  118  7:17  Marine x2  
  111  7:24  Missile Turret  
Show
View Real Time Build Order
Export as new Build Order

DnS Protoss 

Build Orders: 1 Gate Expand, Phoenix Opening, Colossus Rush 

Get SALT Encoding   

  12  0:00  Probe  
  13  0:12  Probe  
  14  0:17  Pylon  
  14  0:24  Probe (Chrono Boost)  
  15  0:36  Probe (Chrono Boost)  
  15  0:37  Gateway  
  16  0:44  Probe (Chrono Boost)  
  16  0:46  Assimilator  
  17  0:51  Probe  
  18  1:03  Probe  
  19  1:15  Probe  
  20  1:23  Cybernetics Core  
  20  1:33  Nexus  
  20  1:37  Probe  
  21  1:42  Pylon  
  21  1:49  Assimilator  
  21  1:50  Probe  
  22  1:58  Adept (Chrono Boost)  
  24  2:03  Probe  
  24  2:07  Pylon  
  25  2:15  Probe  
  26  2:19  Stalker (Chrono Boost)  
  28  2:27  Probe  
  29  2:30  Stargate  
  29  2:40  Probe (Chrono Boost)  
  30  2:47  Warp Gate  
  30  2:49  Probe (Chrono Boost)  
  32  2:56  Gateway  
  32  2:57  Probe (Chrono Boost)  
  33  2:59  Probe (Chrono Boost)  
  33  3:03  Probe x2 (Chrono Boost)  
  35  3:13  Phoenix  
  35  3:15  Probe x2  
  39  3:21  Stalker  
  41  3:27  Probe x2  
  41  3:28  Pylon  
  41  3:33  Robotics Facility  
  43  3:42  Phoenix (Chrono Boost)  
  43  3:44  Probe (Chrono Boost)  
  47  3:50  Probe (Chrono Boost)  
  47  3:54  Assimilator, Probe (Chrono Boost)  
  48  3:56  Assimilator  
  48  3:58  Probe (Chrono Boost)  
  48  3:59  Probe (Chrono Boost)  
  48  4:02  Phoenix (Chrono Boost)  
  50  4:09  Probe  
  53  4:11  Probe  
  53  4:15  Pylon  
  54  4:21  Probe  
  55  4:25  Probe  
  55  4:28  Robotics Bay  
  56  4:33  Probe  
  56  4:37  Probe  
  58  4:39  Phoenix (Chrono Boost)  
  58  4:40  Nexus  
  58  4:42  Pylon  
  58  4:45  Probe  
  61  4:47  Observer  
  61  4:51  Pylon  
  62  4:53  Probe  
  62  4:57  Probe  
  63  5:02  Phoenix  
  63  5:05  Probe  
  66  5:09  Probe  
  66  5:13  Colossus (Chrono Boost)  
  67  5:17  Probe  
  74  5:23  Shield Battery  
  74  5:28  Probe, Observer  
  75  5:29  Phoenix  
  75  5:30  Probe  
  78  5:40  Probe, Twilight Council  
  78  5:41  Gateway, Forge  
  79  5:43  Probe  
  79  5:44  Pylon  
  80  5:52  Probe, Observer  
  80  5:53  Probe  
  80  5:55  Probe  
  80  5:56  Colossus (Chrono Boost)  
  83  6:02  Shield Battery  
  83  6:03  Zealot, Sentry  
  93  6:07  Probe x2  
  96  6:11  Probe  
  96  6:12  Pylon  
  96  6:19  Probe  
  96  6:24  Photon Cannon  
  96  6:25  Phoenix  
  98  6:31  Shield Battery  
  98  6:38  Zealot x3  
  104  6:45  Probe x3  
  107  6:49  Pylon x2  
  105  7:00  Zealot x3  
  104  7:20  Zealot x2  
  104  7:21  Zealot  
Tags
 
Add a new tag
Caveats
  • Supply blocks, unpowered buildings, or Contaminate may cause inaccurate times.
  • Supply counts are checked every 10 seconds.